 Dungeon Crawl Stone Soup version 0.31.0-4-g52a2dc7128 (webtiles) character file.

Game seed: 8154261412431519958

1544 Esekla the Magician (level 8, 0/44 HPs)
             Began as a Deep Elf Warper on Jan 22, 2024.
             Was a Follower of Vehumet.
             Killed from afar by a white imp (8 damage)
             ... with a puff of frost
             ... on level 7 of the Dungeon.
             The game lasted 00:45:40 (6194 turns).

Esekla the Magician (Deep Elf Warper)               Turns: 6194, Time: 00:45:40

Health: 0/44       AC:  5    Str: 14    XL:     8   Next: 56%
Magic:  28/29      EV: 14    Int: 21    God:    Vehumet [*.....]
Gold:   278        SH:  0    Dex: 14    Spells: 4/20 levels left

rFire   . . .        s - +2 dagger (elec)
rCold   . . .        (no shield)
rNeg    . . .        i - +0 robe
rPois   .            v - +0 helmet
rElec   .            k - +0 cloak
rCorr   .            l - +0 pair of gloves
SInv    .            (no boots)
Will    .....        y - amulet of magic regeneration
Stlth   +++          h - ring of magical power
HPRegen 0.27/turn    c - +6 ring of strength
MPRegen 0.61/turn

%: no passive effects
@: on blink cooldown
A: no striking features
a: Renounce Religion


You were on level 7 of the Dungeon.
You worshipped Vehumet.
Vehumet was aware of your devotion.
You visited 2 branches of the dungeon, and saw 8 of its levels.

You collected 336 gold pieces.
You spent 58 gold pieces at shops.

Inventory:

Hand Weapons
 a - a +0 falchion of electrocution
 r - a +0 trident
 s - a +2 dagger of electrocution (weapon)
Missiles
 x - 9 poisoned darts
Armour
 i - a +0 robe (worn)
 k - a +0 cloak (worn)
 l - a +0 pair of gloves (worn)
 v - a +0 helmet (worn)
Jewellery
 c - a +6 ring of strength (right hand)
 h - a ring of magical power (left hand)
 y - an amulet of magic regeneration (around neck)
Wands
 q - a wand of flame (10)
Scrolls
 b - 3 scrolls of noise {unknown}
 e - 2 scrolls of fog
 f - 2 scrolls of teleportation
 g - 2 scrolls of amnesia {unknown}
 j - a scroll of silence {unknown}
 m - 3 scrolls of enchant weapon {unknown}
 n - a scroll of immolation {unknown}
 t - a scroll of torment {unknown}
 w - a scroll of vulnerability {unknown}
 A - a scroll of fear {unknown}
Potions
 o - 2 potions of curing
 p - 3 potions of lignification
 u - a potion of magic
 z - a potion of attraction


   Skills:
 - Level 2.1 Fighting
 * Level 3.2(3.6) Short Blades
 + Level 2.2(3.0) Long Blades
 + Level 1.4 Throwing
 + Level 0.9 Armour
 * Level 5.1 Dodging
 + Level 5.4 Stealth
 * Level 6.7 Spellcasting
 * Level 3.2 Conjurations
 * Level 4.9 Translocations
 * Level 2.4 Air Magic
 * Level 0.5 Earth Magic
 * Level 3.2 Alchemy
 + Level 0.2 Evocations


You had 4 spell levels left.
You knew the following spells:

 Your Spells              Type           Power      Damage    Failure   Level
b - Blink                 Tloc           54%        N/A       1%          2
h - Vhi's Electric Charg  Tloc/Air       44%        N/A       21%         4
i - Iskenderun's Mystic   Conj/Tloc      24%        2d7       17%         4
v - Mercury Vapours       Alch/Air       38%        N/A       4%          2
x - Olgreb's Toxic Radia  Alch           20%        N/A       24%         4

Your spell library contained the following spells:

 Spells                   Type           Power      Damage    Failure   Level
 Magic Dart               Conj           80%        1d7       2%          1
 Lesser Beckoning         Tloc           54%        N/A       1%          2
 Sting                    Conj/Alch      80%        1d8       2%          1
 Teleport Other           Tloc           27%        N/A       3%          3
 Volatile Blastmotes      Fire/Tloc      34%        2d12      10%         3
 Manifold Assault         Tloc           27%        N/A       12%         4
 Call Imp                 Summ           14%        N/A       14%         2
 Sublimation of Blood     Necr           7%         N/A       14%         2
 Dazzling Flash           Conj/Hex       26%        N/A       14%         3
 Fulminant Prism          Conj/Alch      10%        3d9       24%         4
 Leda's Liquefaction      Alch/Erth      7%         N/A       38%         4
 Lee's Rapid Deconstruct  Erth           4%         3d5*      89%         5
 Bombard                  Conj/Erth      7%         9d2       99%         6
 Starburst                Conj/Fire      6%         6d4       100%        6
 Summon Hydra             Summ           3%         N/A       100%        7
 Maxwell's Capacitive Co  Air            8%         ∞         100%        8


Dungeon Overview and Level Annotations

Branches:
Dungeon (7/15)             Temple (1/1) D:7

Altars:
Ashenzari
Cheibriados
Dithmenos
Elyvilon
Fedhas
Gozag
Hepliaklqana
Kikubaaqudgha
Makhleb
Nemelex Xobeh
Okawaru
Qazlal
Ru
Sif Muna
Trog
Uskayaw
Vehumet
Wu Jian
Xom
Yredelemnul
Zin
The Shining One

Shops:
D:4 [

Annotations:
D:5 ice beast


Message History

The phantom misses you.
You closely miss the phantom.
The phantom is almost destroyed.
The phantom closely misses you.
You hit the phantom but do no damage.
The phantom is almost destroyed.
The phantom hits you.
You hit the phantom.
The phantom is almost destroyed.
You hit the phantom.
You destroy the phantom!
Vehumet accepts your kill. The white imp gestures at you.
The puff of frost misses you. The white imp puffs mist at you.
The white imp gestures at you. The puff of frost hits you!
Casting: Mercury Vapours (safe; 4% risk of failure)
Confirm with . or Enter, or press ? or * to list all spells.
You blink.
The iguana hisses angrily.
You hit the iguana. Lightning courses through the iguana!!
You kill the iguana!
Vehumet accepts your kill.
You close the door.
The white imp gestures at you. The puff of frost hits you.
You feel ready to blink again.
The steam dragon bites you but does no damage.
The steam dragon claws you.
Casting: Blink (safe; 1% risk of failure)
Confirm with . or Enter, or press ? or * to list all spells.
You blink.
Found 13 gold pieces.
The white imp gestures at you. The puff of frost hits you!
* * * LOW HITPOINT WARNING * * *
As you read the scroll of fog, it dissolves into smoke.
The white imp gestures at you. The puff of frost hits you!
You die...

.....###...###
###..........####..
##............$.#
#####>............##
.................... .
..<...............####....
..........................
...............§§§.......
..)............§@§......
...............§§§....##
..............§§......#
............5..#......#
.............#....§D..#
.....#5.....###+###...#
............#)....#...#####
....###.....#.⌠.⌠.#.......##
........###.+..>.D'$.......##


You could see a steam dragon and a white imp.

Vanquished Creatures
  A wyvern (D:6)
  A black bear (D:5)
  2 ice beasts (D:6)
  A centaur (D:7)
  4 phantoms
  2 scorpions (D:4)
  2 howler monkeys
  A bombardier beetle (D:6)
  6 hounds
  A sleepcap (D:6)
  2 iguanas
  5 orc wizards
  5 adders
  5 dart slugs
  A ribbon worm (D:1)
  15 orcs
  4 endoplasms
  2 giant cockroaches
  8 goblins
  8 hobgoblins
  2 jackals (D:3)
  11 kobolds
  4 quokkas
  9 ball pythons
  3 bats
  3 frilled lizards
  4 rats
112 creatures vanquished.

Notes
Turn   | Place    | Note
-------+----------+-------------------------------------------
     0 | D:1      | Esekla the Deep Elf Warper began the quest for the Orb.
     0 | D:1      | Reached XP level 1. HP: 12/12 MP: 6/6
   322 | D:3      | Reached skill level 1 in Stealth
   322 | D:3      | Reached XP level 2. HP: 12/16 MP: 8/8
   325 | D:3      | Learned a level 2 spell: Blink
   829 | D:2      | Reached XP level 3. HP: 20/20 MP: 10/10
  1072 | D:4      | Noticed a scorpion
  1144 | D:4      | Found Xeuk's Armour Shop.
  1179 | D:4      | Bought a +0 pair of gloves for 58 gold pieces
  1198 | D:4      | Killed a scorpion
  1199 | D:4      | Reached XP level 4. HP: 25/25 MP: 11/11
  1275 | D:5      | Entered Level 5 of the Dungeon
  1477 | D:4      | Noticed a scorpion
  1615 | D:4      | Reached skill level 1 in Short Blades
  1615 | D:4      | Reached XP level 5. HP: 30/30 MP: 12/12
  1620 | D:4      | Learned a level 4 spell: Iskenderun's Mystic Blast
  1829 | D:4      | Reached skill level 4 in Spellcasting
  1829 | D:4      | Reached skill level 1 in Conjurations
  1953 | D:4      | Found an opulent altar of Gozag.
  1956 | D:4      | Found an iron altar of Okawaru.
  1963 | D:4      | Found a shimmering altar of Xom.
  2106 | D:4      | Reached XP level 6. HP: 19/35 MP: 14/14
  2451 | D:5      | Learned a level 2 spell: Mercury Vapours
  2477 | D:5      | Noticed an ice beast
  2784 | D:6      | Noticed an ice beast
  2788 | D:6      | Noticed a wyvern
  2816 | D:6      | Killed a wyvern
  2817 | D:6      | Reached skill level 1 in Air Magic
  2817 | D:6      | Reached skill level 1 in Alchemy
  2817 | D:6      | Reached XP level 7. HP: 36/40 MP: 16/16
  2967 | D:6      | Reached skill level 5 in Spellcasting
  3260 | D:5      | Identified the +0 scale mail of Supple Strength {^Contam
                  | rPois rCorr Slay+3}
  3547 | D:6      | Learned a level 4 spell: Vhi's Electric Charge
  3553 | D:6      | Learned a level 4 spell: Olgreb's Toxic Radiance
  3632 | D:6      | Reached XP level 8. HP: 36/44 MP: 18/18
  3689 | D:7      | Reached skill level 6 in Spellcasting
  3835 | D:7      | Reached skill level 5 in Stealth
  3938 | D:7      | Found a staircase to the Ecumenical Temple.
  3955 | Temple   | Entered the Ecumenical Temple
  3964 | Temple   | Became a worshipper of Vehumet
  6069 | D:7      | Reached * piety under Vehumet
  6069 | D:7      | Offered knowledge of Magic Dart by Vehumet.
  6075 | D:7      | Reached skill level 5 in Dodging
  6194 | D:7      | Killed from afar by a white imp

Illustrated notes

Levels and vault maps discovered:
D:1:      lightli_molten_gateway, layout_loops_ring, serial_aquarium,
          aquarium_bridge_square [aquarium_subvault_bridge,
          aquarium_subvault_bridge, aquarium_subvault_bridge,
          aquarium_subvault_wall], aquarium_window_fake, aquarium_window_2,
          aquarium_window_corridor_1, aquarium_window_fake, aquarium_view_2b,
          aquarium_balcony_5b, nicolae_wormholes
D:2:      layout_loops_ring, nicolae_the_louvre
D:3:      layout_basic, mainiacjoe_sewer_entry_somewhere_in_here_1
D:4:      layout_rooms, minmay_overflow_temple_star_quad, serial_shops,
          kennysheep_little_box
D:5:      layout_basic
D:6:      layout_rooms
D:7:      kennysheep_seaside_town, layout_rooms, minmay_temple_entry_hall
Temple:   compressed_dpeg_triangle_lava_temple

Skill      XL: |  1  2  3  4  5  6  7  8 |
---------------+-------------------------+-----
Stealth        | 1 2 3 4 5 |  5.4
Long Blades    | 2 |  2.2
Dodging        | 3 4 5 |  5.1
Short Blades   | 1 2 3 |  3.2
Spellcasting   | 4 5 6 |  6.7
Conjurations   | 1 2 3 |  3.2
Translocations | 4 |  4.9
Fighting       | 2 |  2.1
Air Magic      | 1 2 |  2.4
Alchemy        | 1 2 3 |  3.2
Throwing       | |  1.4
Armour         | |  0.9
Earth Magic    | |  0.5
Evocations     | |  0.2

Action                     |  1- 3 |  4- 6 |  7- 9 || total
---------------------------+-------+-------+-------++-------
  Melee: Falchion          |    35 |       |       ||    35
         Dagger            |    46 |    92 |   148 ||   286
         Long sword        |    27 |       |       ||    27
         Punch             |       |       |     1 ||     1
  Throw: Dart              |     5 |    13 |       ||    18
   Cast: Blink             |     3 |     2 |    11 ||    16
         Mercury Vapours   |       |    12 |    45 ||    57
         Olgreb's Toxic Ra |       |       |     2 ||     2
  Evoke: Wand              |       |       |     3 ||     3
    Use: Scroll            |       |     5 |     4 ||     9
         Potion            |       |       |     1 ||     1
   Stab: Sleeping          |     6 |     4 |    11 ||    21
 Armour: Leather armour    |     8 |       |       ||     8
         Robe              |    32 |    57 |    79 ||   168
  Dodge: Dodged            |    53 |    75 |    76 ||   204
